Map: Disco Bloodbath LE

Players

TTw - Winner!

  • Race: Protoss Protoss
  • League: Platinum
  • Spawn Location: 9:00

pHARM

  • Race: Zerg Zerg
  • League: Platinum
  • Spawn Location: 3:00

VOD

Have the link to the VOD?

Description

Time

  • Played on: Oct. 6, 2019, 12:51 a.m.
  • Length: 7:27
Show
View Real Time Build Order
Export as new Build Order

TTw Protoss - Winner!

Build Orders:  

Get SALT Encoding   

  12  0:03  Probe  
  13  0:15  Probe  
  13  0:20  Pylon  
  14  0:30  Probe  
  15  0:42  Forge, Probe (Chrono Boost)  
  16  0:51  Probe (Chrono Boost)  
  16  0:56  Probe (Chrono Boost)  
  17  1:02  Gateway  
  18  1:08  Probe  
  19  1:20  Probe  
  19  1:24  Assimilator  
  20  1:36  Assimilator  
  20  1:40  Pylon  
  20  1:41  Pylon  
  20  1:43  Pylon  
  20  1:48  Pylon  
  20  2:00  Photon Cannon  
  20  2:07  Pylon  
  20  2:14  Pylon  
  20  2:17  Pylon  
  20  2:24  Photon Cannon  
  20  2:27  Photon Cannon  
  20  2:30  Pylon  
  20  2:32  Probe  
  21  2:41  Cybernetics Core  
  21  2:44  Probe (Chrono Boost)  
  22  2:47  Assimilator  
  22  2:55  Probe (Chrono Boost)  
  23  3:00  Probe (Chrono Boost)  
  24  3:10  Probe  
  25  3:15  Pylon  
  25  3:22  Probe  
  26  3:34  Probe  
  26  3:35  Stargate  
  26  3:38  Stalker  
  29  3:46  Probe  
  30  3:51  Nexus  
  30  3:55  Pylon  
  30  4:09  Photon Cannon  
  30  4:14  Shield Battery, Probe  
  31  4:20  Stalker  
  33  4:33  Void Ray  
  37  4:48  Probe  
  38  4:58  Shield Battery  
  38  5:00  Probe  
  39  5:12  Photon Cannon  
  39  5:14  Photon Cannon  
  39  5:19  Photon Cannon, Void Ray (Chrono Boost)  
  43  5:41  Probe x2  
  45  5:52  Void Ray (Chrono Boost)  
  45  5:53  Probe  
  45  5:54  Probe  
  51  6:04  Assimilator  
  51  6:05  Probe  
  51  6:06  Probe  
  53  6:13  Assimilator  
  53  6:16  Pylon  
  53  6:18  Probe x2  
  55  6:22  Stargate  
  55  6:30  Probe x2  
  57  6:36  Void Ray  
  61  6:42  Probe  
  62  6:47  Probe  
  63  7:03  Pylon  
  63  7:08  Pylon  
Show
View Real Time Build Order
Export as new Build Order

pHARM Zerg 

Build Orders: Hatch First 

Get SALT Encoding   

  12  0:01  Drone  
  13  0:27  Overlord  
  13  0:29  Drone  
  14  0:45  Drone  
  14  0:46  Drone  
  16  0:53  Drone  
  17  0:57  Hatchery  
  17  1:02  Drone  
  17  1:17  Spawning Pool, Drone  
  17  1:28  Drone  
  18  1:42  Drone  
  19  1:54  Drone x2  
  21  2:16  Extractor  
  21  2:19  Roach Warren, Spine Crawler  
  21  2:21  Queen  
  20  2:28  Drone x3  
  20  2:29  Queen  
  23  3:11  Roach x2  
  27  3:13  Overlord  
  27  3:44  Lair  
  27  4:07  Extractor  
  27  4:09  Zergling x6  
  30  4:10  Zergling x2  
  30  4:11  Overlord  
  30  4:36  Zergling x4  
  32  4:46  Nydus Network  
  31  5:05  Zergling x10  
  36  5:54  Nydus Canal  
  30  7:14  Hatchery  
  26  7:25  Hatchery  
Tags
 
Add a new tag
Caveats
  • Supply blocks, unpowered buildings, or Contaminate may cause inaccurate times.
  • Supply counts are checked every 10 seconds.